 Dungeon Crawl Stone Soup version 0.31-a0-986-g5e6e4ef867 (webtiles) character file.

Game seed: 572409074174726683

10477 Lobster4 the Thaumaturge (level 11, -11/64 HPs)
             Began as a Deep Elf Conjurer on Nov 8, 2023.
             Was an Initiate of Vehumet.
             Hit by a silver javelin thrown by a minotaur (22 damage)
             ... in a Gauntlet on Nov 9, 2023.
             The game lasted 00:46:28 (11426 turns).

Lobster4 the Thaumaturge (Deep Elf Conjurer)       Turns: 11426, Time: 00:46:29

Health: -11/64     AC: 11    Str:  6    XL:     11   Next: 36%
Magic:  12/27      EV: 20    Int: 26    God:    Vehumet [......]
Gold:   372        SH:  0    Dex: 15    Spells: 21/31 levels left

rFire   + . .        P - staff of poison
rCold   + . .        (no shield)
rNeg    . . .        x - +2 robe {rC+ rF+}
rPois   +            b - +1 helmet {SInv}
rElec   .            D - +2 cloak {Will+}
rCorr   .            l - +0 pair of gloves "Esuqierroi" {Dex+2}
SInv    +            c - +0 pair of boots
Will    +++..        g - amulet of magic regeneration
Stlth   ++++         v - +5 ring of evasion
HPRegen 0.30/turn    B - ring of willpower
MPRegen 0.60/turn

%: no teleportation
@: mighty, brilliant, hasted, studying Spellcasting, very quick
A: no striking features
a: Renounce Religion


You were in a Gauntlet.
You worshipped Vehumet.
Vehumet was noncommittal.
You visited 3 branches of the dungeon, and saw 13 of its levels.
You also visited: Sewer and Gauntlet.

You collected 736 gold pieces.
You spent 364 gold pieces at shops.

Inventory:

Hand Weapons
 a - a +3 dagger of venom
 h - a +0 short sword of draining
 I - a +2 whip of freezing
 L - a +0 rapier
 N - a +5 dagger
Missiles
 i - 2 atropa-tipped darts
 r - 5 poisoned darts
 H - 7 boomerangs
Armour
 b - a +1 helmet of see invisible (worn)
 c - a +0 pair of boots (worn)
 l - the +0 pair of gloves "Esuqierroi" (worn) {Dex+2}
   (You found it in a Gauntlet)

   Dex+2:     It affects your dexterity (+2).
 n - +0 steam dragon scales
 x - a +2 robe of resistance (worn)
 D - a +2 cloak of willpower (worn)
 G - a +0 pair of gloves
 M - a +2 robe of positive energy
 R - a +0 helmet
Magical Staves
 A - a staff of earth
 P - a staff of poison (weapon)
Jewellery
 g - an amulet of magic regeneration (around neck)
 v - a +5 ring of evasion (left hand)
 B - a ring of willpower (right hand)
Wands
 O - a wand of polymorph (6)
 S - a wand of charming (5)
Scrolls
 j - a scroll of poison
 k - 3 scrolls of revelation
 q - 5 scrolls of identify
 t - 2 scrolls of enchant weapon
 u - 5 scrolls of brand weapon
 w - 2 scrolls of fog
 y - 5 scrolls of teleportation
 J - 2 scrolls of amnesia
 K - 3 scrolls of fear
Potions
 d - 3 potions of might
 e - a potion of cancellation
 f - 5 potions of mutation
 m - a potion of resistance
 s - 5 potions of curing
 z - a potion of haste
 C - 2 potions of brilliance
 E - 2 potions of magic
 F - 6 potions of lignification


   Skills:
 + Level 5.4 Fighting
 - Level 2.0 Short Blades
 - Level 2.0 Staves
 - Level 3.0 Armour
 + Level 7.1 Dodging
 + Level 8.4 Stealth
 + Level 10.5 Spellcasting
 + Level 9.7 Conjurations
 + Level 7.8 Hexes
 - Level 5.0 Translocations
 - Level 3.0 Evocations


You had 21 spell levels left.
You knew the following spells:

 Your Spells              Type           Power      Damage    Failure   Level
a - Magic Dart            Conj           100%       1d8       1%          1
b - Searing Ray           Conj           100%       2d8       1%          2
c - Dazzling Flash        Conj/Hex       100%       N/A       1%          3
d - Iskenderun's Mystic   Conj/Tloc      67%        2d14      1%          4

Your spell library contained the following spells:

 Spells                   Type           Power      Damage    Failure   Level
 Apportation              Tloc           100%       N/A       1%          1
 Foxfire                  Conj/Fire      100%       2x1d9     1%          1
 Slow                     Hex            100%       N/A       1%          1
 Jinxbite                 Hex            100%       N/A       1%          2
 Confusing Touch          Hex            69%        N/A       1%          3
 Sigil of Binding         Hex            69%        N/A       1%          3
 Fulminant Prism          Conj/Hex       36%        3d17      1%          4
 Sting                    Tmut/Pois      100%       1d8       4%          1
 Volatile Blastmotes      Fire/Tloc      80%        2d16      4%          3
 Poisonous Vapours        Pois/Air       60%        N/A       7%          2
 Vampiric Draining        Necr           20%        2d7       13%         3
 Olgreb's Toxic Radiance  Pois           30%        N/A       41%         4
 Conjure Ball Lightning   Conj/Air       27%        3x3d8     65%         6
 Starburst                Conj/Fire      27%        6d9       65%         6
 Alistair's Intoxication  Tmut/Pois      20%        N/A       77%         5
 Plasma Beam              Fire/Air       10%        2x1d21    100%        6
 Discord                  Hex            34%        N/A       100%        8
 Disjunction              Tloc           28%        N/A       100%        8


Dungeon Overview and Level Annotations

Branches:
Dungeon (11/15)            Temple (1/1) D:5            Lair (1/5) D:10
    Orc (0/2) D:10          Sewer (visited)         Gauntlet (1/1)

Altars:
Ashenzari
Cheibriados
Dithmenos
Elyvilon
Fedhas
Gozag
Hepliaklqana
Kikubaaqudgha
Makhleb
Nemelex Xobeh
Okawaru
Qazlal
Ru
Sif Muna
Trog
Uskayaw
Vehumet
Wu Jian
Xom
Yredelemnul
Zin
The Shining One
Jiyva

Shops:
D:7 [   D:8 [

Annotations:
D:5 3 runed translucent doors, Doj's ghost, novice FoFi; Maxmaps's ghost, novice OpMo; PowderKeg's ghost, weakling FoDe; SigmundSlayer's ghost, novice DgFi
D:6 2 runed translucent doors, jestert79's ghost, novice FoFi
D:7 exclusion: door
D:10 2 transporters
Temple 2 transporters Gauntlet 12 transporters, 21 runed translucent doors, exclusion: 2 lightning spires


Message History

You feel better.
The minotaur throws a silver javelin.
The silver javelin pierces through you!
* * * LOW HITPOINT WARNING * * *
x2
Okay, then.
Okay, then.
Okay, then.
You feel better.
The minotaur throws a silver javelin.
The silver javelin closely misses you.
Casting: Searing Ray (safe; 1% risk of failure)
Confirm with . or Enter, or press ? or * to list all spells.
Casting: Dazzling Flash (safe; 1% risk of failure)
Press: ? - help, Dir - look around, f - activate You feel a surge of power!
The minotaur throws a silver javelin.
The silver javelin pierces through you!
* * * LOW HITPOINT WARNING * * *
x2 You feel better.
You feel yourself speed up.
Casting: Dazzling Flash (safe; 1% risk of failure)
Confirm with . or Enter, or press ? or * to list all spells.
You feel a surge of power!
You erupt in a blast of force!
The mystic blast hits the minotaur.
The minotaur is heavily wounded.
The minotaur is knocked back by the mystic blast.
The flying skull gives a hideous shriek! x2
Unknown command.
Casting: Iskenderun's Mystic Blast (dangerous; 1% risk of failure)
Confirm with . or Enter, or press ? or * to list all spells.
You can't see any susceptible monsters within range! (Use Z to cast anyway.)
Casting: Iskenderun's Mystic Blast (dangerous; 1% risk of failure)
Confirm with . or Enter, or press ? or * to list all spells.
Aiming: Searing Ray (safe; 1% risk of failure)
Press: ? - help, Shift-Dir - straight line, f - minotaur
Aim: a minotaur, wielding the +0 hand axe "Ikext" {protect, rElec rPois rC+}, wearing a +2 ring mail of willpower and quivering silver javelins (heavily wounded, 87% to hit)
You feel a surge of power!
The searing ray hits the minotaur but does no damage.
The minotaur is heavily wounded. (Press . to maintain the ray.)
The minotaur throws a silver javelin.
The silver javelin pierces through you!!
You die...

..h#.#..##.##..#.#..#...#..#.#.#.
[.h#.#....©....#.#zz[)z(...#.##.[
####.###########.###########.####
.................................
...............≈∩≈...............
#################################
#8# #8##≈...............≈##8# #8#
### ####8..©.©.©.©.©.©..8#### ###
#≈.......@.......≈#
###.##.##.##.##.###
#.##.##.##.##.# . .H. .# ##.# #.
.# . .. #.


You could see a minotaur and 3 flying skulls.

Vanquished Creatures
  A two-headed ogre (D:8)
  2 sixfirhies (Gauntlet)
  Pikel (D:4)
  A moth of wrath (Gauntlet)
  A smoke demon (Gauntlet)
  A gargoyle (D:10)
  Jeremiah (D:7)
  A komodo dragon (Lair:1)
  A troll (D:9)
  A hornet (D:10)
  5 yaks (D:10)
  3 wyverns
  Grum (D:9)
  6 steam dragons
  A basilisk (D:10)
  An acid dragon (D:10)
  4 water moccasins
  An ogre (D:4)
  2 orc warriors
  2 ice beasts (D:7)
  3 black bears
  5 wolves
  4 centaurs
  A phantom (D:7)
  A bullfrog (Lair:1)
  A gnoll sergeant (D:9)
  2 scorpions (D:5)
  9 wights
  12 killer bees (D:10)
  A howler monkey (D:5)
  3 crimson imps (Gauntlet)
  3 orc priests
  Crazy Yiuf (D:2)
  2 hounds
  A sleepcap (D:8)
  3 iguanas
  10 orc wizards
  A hell rat (Sewer)
  7 adders
  3 gnolls (D:9)
  A river rat (Sewer)
  A white imp (D:7)
  7 ufetubi
  A worm (D:3)
  2 dart slugs (D:2)
  32 orcs
  8 ball pythons
  9 endoplasms
  4 giant cockroaches
  4 goblins
  9 hobgoblins
  7 jackals
  3 quokkas
  5 bats
  3 frilled lizards
  5 kobolds
  13 rats
224 creatures vanquished.

Notes
Turn   | Place    | Note
-------+----------+-------------------------------------------
     0 | D:1      | Lobster4 the Deep Elf Conjurer began the quest for the Orb.
     0 | D:1      | Reached XP level 1. HP: 10/10 MP: 6/6
   323 | D:1      | Reached XP level 2. HP: 15/15 MP: 5/8
   370 | D:1      | Learned a level 2 spell: Searing Ray
  1219 | D:2      | Found a runed translucent door.
  1220 | D:2      | Noticed Crazy Yiuf
  1246 | D:2      | Reached XP level 3. HP: 20/20 MP: 4/9
  1567 | D:2      | Reached skill level 1 in Fighting
  1808 | D:2      | Learned a level 3 spell: Dazzling Flash
  1872 | D:2      | Reached XP level 4. HP: 25/25 MP: 9/11
  2151 | D:3      | Found a blossoming altar of Fedhas.
  2466 | D:3      | Reached skill level 4 in Spellcasting
  2466 | D:3      | Reached skill level 5 in Conjurations
  2466 | D:3      | Reached skill level 1 in Hexes
  2561 | D:3      | Reached XP level 5. HP: 29/29 MP: 9/13
  2573 | D:3      | Learned a level 4 spell: Iskenderun's Mystic Blast
  2613 | D:3      | Found an opulent altar of Gozag.
  2903 | D:4      | Noticed an ogre
  2926 | D:4      | Noticed Pikel
  2943 | D:4      | Killed Pikel
  2944 | D:4      | Reached skill level 5 in Spellcasting
  2944 | D:4      | Reached XP level 6. HP: 22/36 MP: 6/15
  2944 | D:4      | Reached XP level 7. HP: 25/40 MP: 6/16
  2980 | D:4      | Found a glowing drain.
  3001 | Sewer    | Entered a sewer
  3283 | D:4      | Found a shadowy altar of Dithmenos.
  3876 | D:5      | Entered Level 5 of the Dungeon
  3876 | D:5      | Found a bloodstained altar of Trog.
  3882 | D:5      | Reached skill level 5 in Dodging
  3961 | D:5      | Reached skill level 1 in Staves
  4056 | D:5      | Found a runed translucent gate.
  4057 | D:5      | Found a runed translucent gate.
  4057 | D:5      | Found a runed translucent gate.
  4058 | D:5      | Noticed Doj's ghost (novice FoFi)
  4058 | D:5      | Noticed PowderKeg's ghost (weakling FoDe)
  4058 | D:5      | Noticed SigmundSlayer's ghost (novice DgFi)
  4058 | D:5      | Noticed Maxmaps's ghost (novice OpMo)
  4101 | D:5      | Reached XP level 8. HP: 42/46 MP: 14/18
  4119 | D:5      | Found a staircase to the Ecumenical Temple.
  4196 | D:2      | Killed Crazy Yiuf
  4352 | D:5      | Reached skill level 1 in Armour
  4393 | D:5      | Reached skill level 6 in Spellcasting
  4393 | D:5      | Reached skill level 1 in Evocations
  4757 | Temple   | Found a transporter.
  4757 | Temple   | Found a transporter.
  4757 | Temple   | Found a transporter.
  4757 | Temple   | Found a transporter.
  4757 | Temple   | Entered the Ecumenical Temple
  4823 | D:6      | Found a large runed translucent door.
  4823 | D:6      | Found a large runed translucent door.
  4825 | D:6      | Noticed jestert79's ghost (novice FoFi)
  5117 | D:6      | Found an ancient bone altar of Kikubaaqudgha.
  5630 | D:6      | Reached skill level 5 in Hexes
  5936 | D:7      | Reached skill level 5 in Stealth
  5936 | D:7      | Reached XP level 9. HP: 50/50 MP: 17/21
  5951 | D:7      | Reached skill level 7 in Spellcasting
  6302 | D:7      | Noticed Jeremiah
  6314 | D:7      | Killed Jeremiah
  6315 | D:7      | Reached skill level 1 in Short Blades
  6318 | D:7      | Reached skill level 5 in Translocations
  6443 | D:7      | Found Qonakiq's Armour Shop.
  6491 | D:7      | Found an iron altar of Okawaru.
  7124 | D:8      | Reached skill level 8 in Spellcasting
  7156 | D:8      | Found Xuocutt's Armour Shop.
  7229 | D:8      | Noticed a two-headed ogre
  7371 | D:8      | Killed a two-headed ogre
  7422 | D:8      | Reached XP level 10. HP: 57/57 MP: 20/24
  8001 | D:7      | Bought a +2 cloak of willpower for 301 gold pieces
  8014 | D:7      | Bought a +0 pair of gloves for 63 gold pieces
  8268 | D:7      | Reached skill level 9 in Spellcasting
  8958 | D:9      | Noticed Grum
  8965 | D:9      | Killed Grum
  9289 | D:10     | Entered Level 10 of the Dungeon
  9582 | D:10     | Found a staircase to the Orcish Mines.
  9614 | D:10     | Reached skill level 5 in Fighting
  9644 | D:10     | Noticed a gargoyle
  9847 | D:10     | Killed a gargoyle
  9848 | D:10     | Reached skill level 10 in Spellcasting
  9934 | D:10     | Found a staircase to the Lair.
  9969 | D:10     | Found a viscous altar of Jiyva.
 10053 | D:10     | Found a transporter.
 10059 | D:10     | Found a transporter.
 10064 | D:10     | Noticed a great orb of eyes
 10249 | D:10     | Found a radiant altar of Vehumet.
 10271 | D:10     | Reached XP level 11. HP: 38/63 MP: 24/27
 10398 | D:10     | Became a worshipper of Vehumet
 10634 | Lair:1   | Entered Level 1 of the Lair of Beasts
 10668 | Lair:1   | Found a gate leading to a gauntlet.
 10772 | Gauntlet | Entered a Gauntlet
 10772 | Gauntlet | Found a transporter.
 10781 | Gauntlet | Found a transporter.
 10781 | Gauntlet | Noticed a catoblepas
 10796 | Gauntlet | Found a transporter.
 10801 | Gauntlet | Found a transporter.
 10818 | Gauntlet | Found a transporter.
 10836 | Gauntlet | Found a transporter.
 10848 | Gauntlet | Found a transporter.
 10854 | Gauntlet | Found a transporter.
 10869 | Gauntlet | Found a transporter.
 10870 | Gauntlet | Noticed a sixfirhy
 10873 | Gauntlet | Noticed a sixfirhy
 10881 | Gauntlet | Found a transporter.
 10889 | Gauntlet | Found a large runed translucent door.
 10890 | Gauntlet | Found a large runed translucent door.
 10890 | Gauntlet | Noticed a death scarab
 10891 | Gauntlet | Found a large runed translucent door.
 10891 | Gauntlet | Found a large runed translucent door.
 10892 | Gauntlet | Found a runed translucent gate.
 10893 | Gauntlet | Found a transporter.
 10893 | Gauntlet | Found a runed translucent gate.
 10894 | Gauntlet | Found a runed translucent gate.
 10894 | Gauntlet | Noticed a death scarab
 10895 | Gauntlet | Found a large runed translucent door.
 10895 | Gauntlet | Found a large runed translucent door.
 10896 | Gauntlet | Found a large runed translucent door.
 10897 | Gauntlet | Found a large runed translucent door.
 10906 | Gauntlet | Found a large runed translucent door.
 10906 | Gauntlet | Found a large runed translucent door.
 10906 | Gauntlet | Found a runed translucent door.
 10906 | Gauntlet | Found a runed translucent door.
 10907 | Gauntlet | Found a large runed translucent door.
 10908 | Gauntlet | Found a large runed translucent door.
 10910 | Gauntlet | Found a transporter.
 10918 | Gauntlet | Found a large runed translucent door.
 10918 | Gauntlet | Found a large runed translucent door.
 10919 | Gauntlet | Found a large runed translucent door.
 10920 | Gauntlet | Found a large runed translucent door.
 10928 | Gauntlet | Found a transporter.
 10930 | Gauntlet | Found a transporter.
 10957 | Gauntlet | Found a transporter.
 10957 | Gauntlet | Found a transporter.
 10977 | Gauntlet | Found a transporter.
 11067 | Gauntlet | Found a transporter.
 11347 | Gauntlet | Killed a sixfirhy
 11351 | Gauntlet | Killed a sixfirhy
 11362 | Gauntlet | Identified the +0 pair of gloves "Esuqierroi" {Dex+2}
 11400 | Gauntlet | Identified the +0 hand axe "Ikext" {protect, rElec rPois
                  | rC+}
 11400 | Gauntlet | Noticed a minotaur
 11426 | Gauntlet | Hit by a silver javelin thrown by a minotaur

Illustrated notes

Levels and vault maps discovered:
D:1:      minmay_arrival_four_houses, layout_basic
D:2:      layout_rooms, minmay_fractal_squares_5, uniq_crazy_yiuf_cottage
D:3:      layout_basic, fedhas_altar_3, grunt_gozag_breadcrumbs
D:4:      layout_cave_pods, grunt_dithmenos_smoke, portal_sewer_entry_b,
          uniq_pikel
D:5:      layout_gridville, overflow_temple_1_default,
          minmay_temple_entry_drinking_statues, gammafunk_ghost_cemetery
D:6:      cheibrodos_steamvent, layout_basic,
          nicolae_kikubaaqudgha_miasma_corner, ebering_ghost_disaster_area,
          minmay_misc_feat_cross, minmay_circle_x
D:7:      cheibrodos_barr_body, layout_loops_ring, okawaru_metal_pillars_1_2,
          nicolae_take_the_stairs, minmay_crystal_room, minmay_starry_boxes,
          uniq_jeremiah
D:8:      layout_basic, serial_shops, shop, dk_vineyard_1
D:9:      layout_grid_maze, uniq_grum
D:10:     gammafunk_jiyva_shrine, layout_basic, mainiacjoe_overflow_alcove_1,
          david_lair_generic, orc_0_dummy
D:11:     layout_stronghold, lightli_orcish_oven
Temple:   hellmonk_temple_divided_pantheon
Lair:1:   wad_woods_tower, layout_loops_ring, gauntlet_entry_generic
Gauntlet: gammafunk_gauntlet_one_two_three [gammafunk_gauntlet_arena_crates,
          nicolae_gauntlet_arena_t_cross, gammafunk_gauntlet_arena_hedges,
          gammafunk_gauntlet_arena_teeth, nicolae_gauntlet_arena_x,
          gammafunk_gauntlet_arena_chambers, nicolae_gauntlet_arena_quarters,
          gammafunk_gauntlet_arena_open,
          minmay_gauntlet_arena_make_your_own_arena, gauntlet_exit_green]

Skill      XL: |  1  2  3  4  5  6  7  8  9 10 11 |
---------------+----------------------------------+-----
Stealth        | 3 5 6 7 8 |  8.4
Dodging        | 3 4 5 6 7 |  7.1
Fighting       | 1 2 3 4 5 |  5.4
Spellcasting   | 4 5 6 8 10 | 10.5
Conjurations   | 5 6 8 9 |  9.7
Hexes          | 1 3 4 5 7 |  7.8
Translocations | 2 3 4 5 |  5.0
Staves         | 1 2 |  2.0
Armour         | 2 3 |  3.0
Evocations     | 2 3 |  3.0
Short Blades   | 2 |  2.0

Action                     |  1- 3 |  4- 6 |  7- 9 | 10-12 || total
---------------------------+-------+-------+-------+-------++-------
  Melee: Whip              |       |       |     3 |       ||     3
         Dagger            |       |       |       |    31 ||    31
         Punch             |       |       |       |     2 ||     2
   Cast: Magic Dart        |    77 |    52 |   114 |    78 ||   321
         Searing Ray       |     2 |     4 |    68 |    70 ||   144
         Dazzling Flash    |       |       |     7 |     6 ||    13
         Iskenderun's Myst |       |       |       |    25 ||    25
  Evoke: Wand              |       |       |     6 |     4 ||    10
    Use: Scroll            |       |     1 |    17 |     5 ||    23
         Potion            |       |       |       |     7 ||     7
   Stab: Sleeping          |       |       |       |     2 ||     2
 Armour: Robe              |     3 |     5 |    42 |    82 ||   132
         Steam dragon scal |       |       |     2 |     2 ||     4
  Dodge: Dodged            |     4 |     2 |    95 |   147 ||   248

Table legend: (Time is in decaauts)
 A = Elapsed time spent in this place.
 B = Non-inter-level travel time spent in this place.
 C = Inter-level travel time spent in this place.
 D = Time resting spent in this place.
 E = Time spent auto-exploring this place.
 F = Levels seen in this place.
 G = Mean time per level.
                   A        B        C        D        E       F      G
               +--------+--------+--------+--------+--------+-----+--------+
         Total |  11426 |  10603 |    823 |   1710 |   6474 |  15 |  761.7 |
       Dungeon |  10521 |   9701 |    820 |   1539 |   6120 |  11 |  956.5 |
        Temple |      1 |      1 |      0 |      0 |      0 |   1 |    1.0 |
          Lair |    136 |    133 |      3 |     70 |      0 |   1 |  136.0 |
         Sewer |    106 |    106 |      0 |      0 |     63 |   1 |  106.0 |
      Gauntlet |    659 |    659 |      0 |    101 |    290 |   1 |  659.0 |
               +--------+--------+--------+--------+--------+-----+--------+

Top non-repeatable levels by time:
     D:7: 1422 daAuts
     D:8: 1163 daAuts
    D:10: 1143 daAuts
     D:1: 1121 daAuts
     D:2: 1044 daAuts
     D:6: 1042 daAuts
     D:4: 977 daAuts
     D:9: 927 daAuts
     D:3: 798 daAuts
     D:5: 717 daAuts
Gauntlet: 659 daAuts
    D:11: 161 daAuts
  Lair:1: 136 daAuts
   Sewer: 106 daAuts
  Temple: 1 daAuts
